 Dungeon Crawl Stone Soup version 0.30.0-5-g1a98f26d00 (webtiles) character file.

Game seed: 7866300489658097954

806 greasedhog the Cudgeller (level 7, -5/46 HPs)
             Began as a Gargoyle Fighter on May 13, 2023.
             Was an Initiate of Qazlal.
             Slain by an iguana (11 damage)
             ... on level 5 of the Dungeon.
             The game lasted 00:04:08 (3806 turns).

greasedhog the Cudgeller (Gargoyle Fighter)         Turns: 3806, Time: 00:04:09

Health: -5/46      AC: 16    Str: 22    XL:     7   Next: 91%
Magic:  7/7        EV:  9    Int:  8    God:    Qazlal [......]
Gold:   196        SH:  4    Dex: 12    Spells: 6/6 levels left

rFire   . . .        e - +1 mace "Mavumegg" {freeze, Dex+3}
rCold   + . .        c - +0 buckler
rNeg    + . .        j - +1 scale mail {rC+}
rPois   ∞            (no helmet)
rElec   +            g - +0 cloak
rCorr   .            n - +2 pair of gloves
SInv    .            (no boots)
Will    .....        (no amulet) Stlth
                     (no ring)
HPRegen 0.27/turn    (no ring)
MPRegen 0.10/turn

%: no passive effects
@: no status effects
A: sickness immunity, AC +4, negative energy resistance 1, electricity
resistance, torment resistance 1, petrification resistance
a: Renounce Religion


You were on level 5 of the Dungeon.
You worshipped Qazlal.
Qazlal was noncommittal.
You visited 1 branch of the dungeon, and saw 5 of its levels.

You collected 196 gold pieces.

Inventory:

Hand Weapons
 e - the +1 mace "Mavumegg" (weapon) {freeze, Dex+3}
   (You found it on level 5 of the Dungeon)

   Dex:       It affects your dexterity (+3).
Missiles
 h - 5 curare-tipped darts (quivered)
Armour
 c - a +0 buckler (worn)
 g - a +0 cloak (worn)
 j - a +1 scale mail of cold resistance (worn)
 n - a +2 pair of gloves (worn)
Jewellery
 f - a ring of ice
Wands
 d - a wand of digging (5)
 i - a wand of iceblast (9)
 m - a wand of polymorph (7)
Scrolls
 b - 2 scrolls of blinking
 o - a scroll of enchant armour
 p - a scroll of teleportation
 q - a scroll of poison
Potions
 k - a potion of mutation


   Skills:
 + Level 6.2 Fighting
 * Level 7.3 Maces & Flails
 - Level 3.2 Armour
 - Level 3.2 Shields


You had 6 spell levels left.
You didn't know any spells.
Your spell library contained the following spells:

 Spells                   Type           Power      Damage    Failure   Level
 Tukima's Dance           Hex            0%         N/A       99%         3
 Manifold Assault         Tloc           0%         N/A       100%        4
 Passage of Golubria      Tloc           0%         N/A       100%        4
 Yara's Violent Unravell  Hex/Tmut       0%         3d3       100%        5
 Dispersal                Tloc           0%         N/A       100%        6
 Disjunction              Tloc           0%         N/A       100%        8


Dungeon Overview and Level Annotations

Branches:
Dungeon (5/15)
 Temple: D:4-7

Altars:
Fedhas
Qazlal
Sif Muna


Innate Abilities, Weirdness & Mutations

You are immune to sickness and miasma.
Your stone body is resilient. (AC +4)
You are immune to poison.
You resist negative energy. (rN+)
You are resistant to electric shocks. (rElec)
You are resistant to unholy torment.
You are immune to petrification.


Message History

e - the +1 mace "Mavumegg" {freeze, Dex+3} You feel agile.
The +1 mace "Mavumegg" {freeze, Dex+3} glows with a cold blue light!
e - the +1 mace "Mavumegg" (weapon)
{freeze, Dex+3} You drop a +0 flail.
Found a stone staircase leading up.
An iguana comes into view.
The iguana hisses angrily.
An ogre comes into view. It is wielding a +0 giant club.
There are monsters nearby!
The ogre shouts!
You hear a shout!
An ogre comes into view. It is wielding a +0 giant club.
The iguana closely misses you.
You barely miss the iguana.
A howler monkey comes into view.
The ogre closely misses you. The iguana closely misses you.
You barely miss the iguana.
The howler monkey hoots and howls with incredible vigour!
The iguana bites you.
You hear a shout!
The iguana attacks as you move away! The iguana barely misses you.
The ogre attacks as you move away!
The ogre hits you with a +0 giant club!!
Ouch! That really hurt!
The iguana attacks as you move away! The iguana bites you.
* * * LOW HITPOINT WARNING * * *
The ogre attacks as you move away! The ogre hits you with a +0 giant club!
* * * LOW HITPOINT WARNING * * *
The iguana attacks as you move away! The iguana barely misses you.
Found 3 gold pieces.
The howler monkey hoots and howls with incredible vigour! x2
You hear an angry hiss.
The iguana attacks as you move away! The iguana bites you.
* * * LOW HITPOINT WARNING * * *
A jelly comes into view.
Okay, then.
The iguana attacks as you move away! You block the iguana's attack.
The iguana attacks as you move away! The iguana barely misses you.
The iguana attacks as you move away! The iguana bites you!
You die...

#.. #.. #.# ...J ##.#
....... ######..# $.$.$..##
........# .........#
........########........#
.......)†.!...##........##
........<.@l.O...........#
..........#..............##
.............##.........<.
.............###.....>..##
...........#..##.O........
.##...................##.
#..##...##.....).....# .
........###.....##.h.##...
###.....................


You could see an ogre and an iguana.

Vanquished Creatures
  Grinder (D:3)
  Menkaure (D:4)
  A water moccasin (D:5)
  A howler monkey (D:4)
  Crazy Yiuf (D:2)
  2 sleepcaps (D:4)
  An iguana (D:4)
  Natasha (thrice) (D:3)
  An orc wizard (D:3)
  5 adders
  An ufetubus (D:4)
  3 worms
  10 orcs
  6 bats
  6 endoplasms
  5 giant cockroaches
  7 goblins
  5 hobgoblins
  3 jackals (D:4)
  4 quokkas
  3 ball pythons
  A frilled lizard (D:3)
  3 kobolds
  4 rats
78 creatures vanquished.

Notes
Turn   | Place    | Note
-------+----------+-------------------------------------------
     0 | D:1      | greasedhog the Gargoyle Fighter began the quest for the
                  | Orb.
     0 | D:1      | Reached XP level 1. HP: 14/14 MP: 1/1
     6 | D:1      | Noticed a black bear
     6 | D:1      | Noticed a wolf
     7 | D:1      | Noticed a snapping turtle
     7 | D:1      | Noticed a salamander
   158 | D:1      | Reached XP level 2. HP: 19/19 MP: 2/2
   905 | D:2      | Found a runed translucent door.
   906 | D:2      | Noticed Crazy Yiuf
   914 | D:2      | Killed Crazy Yiuf
   915 | D:2      | Reached skill level 3 in Maces & Flails
   915 | D:2      | Reached XP level 3. HP: 12/24 MP: 3/3
  1035 | D:2      | You fall into a shaft and drop 2 floors!
  1041 | D:4      | Found a shimmering blue altar of Sif Muna.
  1172 | D:4      | Reached XP level 4. HP: 7/29 MP: 4/4
  1311 | D:4      | Reached skill level 4 in Maces & Flails
  1379 | D:4      | Reached XP level 5. HP: 26/34 MP: 5/5
  2167 | D:3      | Reached skill level 5 in Maces & Flails
  2194 | D:3      | Found a blossoming altar of Fedhas.
  2318 | D:3      | Found a stormy altar of Qazlal.
  2333 | D:3      | Noticed Natasha
  2344 | D:3      | Reached XP level 6. HP: 34/40 MP: 6/6
  2352 | D:3      | Killed Natasha
  2373 | D:3      | Noticed Natasha
  2375 | D:3      | Killed Natasha
  2376 | D:3      | Reached skill level 5 in Fighting
  2557 | D:3      | Became a worshipper of Qazlal Stormbringer
  2820 | D:3      | Noticed Grinder
  2833 | D:3      | Paralysed by Grinder for 5 turns
  2841 | D:3      | Killed Grinder
  2842 | D:3      | Reached skill level 6 in Maces & Flails
  2842 | D:3      | Reached XP level 7. HP: 27/44 MP: 7/7
  3168 | D:3      | Noticed Natasha
  3185 | D:3      | Killed Natasha
  3583 | D:4      | Noticed Menkaure
  3586 | D:4      | Killed Menkaure
  3587 | D:4      | Reached skill level 7 in Maces & Flails
  3741 | D:5      | Entered Level 5 of the Dungeon
  3782 | D:5      | Identified the +1 mace "Mavumegg" {freeze, Dex+3}
  3806 | D:5      | Slain by an iguana

Illustrated notes

Levels and vault maps discovered:
D:1:      onia_arrival_zoo_common, layout_loops_corners
D:2:      layout_basic, serial_rivers, chequers_serial_rivers_micro_d,
          chequers_serial_rivers_micro_e, chequers_serial_rivers_room_b,
          chequers_serial_rivers_micro_a, chequers_serial_rivers_micro_d,
          chequers_serial_rivers_room_b, uniq_crazy_yiuf_cottage
D:3:      layout_loops_cross, lemuel_coloured_pillars_altar,
          mainiacjoe_overflow_chevrons, uniq_natasha, uniq_grinder
D:4:      layout_loops_cross, mainiacjoe_overflow_concentric_impassable,
          uniq_menkaure
D:5:      layout_rooms, grunt_gozag_breadcrumbs

Skill      XL: |  1  2  3  4  5  6  7 |
---------------+----------------------+-----
Maces & Flails | 3 4 5 6 7 |  7.3
Fighting       | 4 5 6 |  6.2
Armour         | |  3.2
Shields        | |  3.2

Action                     |  1- 3 |  4- 6 |  7- 9 || total
---------------------------+-------+-------+-------++-------
  Melee: Flail             |    52 |   208 |    48 ||   308
         Unarmed           |       |       |     3 ||     3
         Mace              |       |       |     2 ||     2
  Throw: Dart              |     1 |       |       ||     1
  Evoke: Wand              |       |     1 |       ||     1
    Use: Potion            |     1 |       |       ||     1
         Scroll            |       |     3 |     4 ||     7
 Armour: Scale mail        |    25 |   165 |    26 ||   216
         Skin              |       |       |     2 ||     2
  Dodge: Dodged            |    23 |   111 |    25 ||   159
  Block: Buckler           |     4 |    49 |     8 ||    61
